 Dungeon Crawl Stone Soup version 0.27.1-4-g1640c2035a (webtiles) character file.

Game seed: 4607713625783140031

261 bellerephron the Ruffian (level 5, 0/50 HPs)
             Began as a Troll Fighter on Nov 5, 2021.
             Slain by Pikel (1 damage)
             ... on level 4 of the Dungeon.
             The game lasted 00:09:19 (1856 turns).

bellerephron the Ruffian (Troll Fighter)            Turns: 1856, Time: 00:09:19

Health: 0/50       AC:  4    Str: 31    XL:     5   Next: 96%
Magic:  4/4        EV:  8    Int:  4    God:
Gold:   69         SH:  9    Dex:  9    Spells: 4/4 levels left

rFire    + . .     SeeInvis .     - Unarmed
rCold    + . .     Faith    .   b - +0 kite shield
rNeg     . . .     Spirit   .   a - +0 robe
rPois    .         Reflect  .   (helmet restricted)
rElec    .         Harm     .   m - scarf {rC+ rF+}
rCorr    .         Rampage  .   (gloves unavailable)
Will     .....                  (boots unavailable)
Stlth    +.........             (no amulet)
HPRegen  1.16/turn              j - +6 ring of strength
MPRegen  0.09/turn              (no ring)

@: no status effects
A: large, unfitting armour, claws 3, regeneration 1, shaggy fur 1, tough skin 1
a: no special abilities


You were on level 4 of the Dungeon.
You visited 1 branch of the dungeon, and saw 5 of its levels.

You collected 69 gold pieces.

Inventory:

Missiles
 h - a javelin (quivered)
 k - 38 stones
Armour
 a - a +0 robe (worn)
 b - a +0 kite shield (worn)
 m - a scarf of resistance (worn)
Jewellery
 j - a +6 ring of strength (left claw)
Wands
 l - a wand of charming (8)
Scrolls
 d - a scroll of vulnerability {unknown}
 e - 2 scrolls of identify {unknown}
 f - a scroll of fog {unknown}
 i - a scroll of enchant armour {unknown}
 n - a scroll of teleportation {unknown}
Potions
 g - 2 potions of flight
 o - a potion of cancellation


   Skills:
 + Level 2.7 Fighting
 + Level 3.0 Dodging
 + Level 0.5 Stealth
 * Level 3.3 Shields
 * Level 4.6 Unarmed Combat


You had 4 spell levels left.
You didn't know any spells.
Your spell library contained the following spells:

 Spells                   Type           Power      Damage    Failure   Level
 Slow                     Hex            0%         N/A       96%         2
 Confusing Touch          Hex            0%         N/A       99%         3
 Vampiric Draining        Necr           0%         2d6       99%         3


Dungeon Overview and Level Annotations

Branches:
Dungeon (5/15)
 Temple: D:4-7

Altars:
Elyvilon
Kikubaaqudgha

Shops:
D:4 *

Portals:
Abyss: D:4

Annotations:
D:4 2 transporters, Pikel; bellerephron's ghost, amateur DsFi


Innate Abilities, Weirdness & Mutations

You are too large for most types of armour.
You have claws for hands.
Your natural rate of healing is unusually fast.
You are covered in fur. (AC +1)
You have tough skin. (AC +1)


Message History

You completely miss Pikel.
Pikel is lightly wounded.
Pikel hits you with a +1 whip of flaming!
Pikel burns you.
* * * LOW HITPOINT WARNING * * *
Unknown command.
You feel very mighty all of a sudden.
You hear a zap.
You hear a grinding noise.
Pikel hits you but does no damage.
You mangle Pikel!!
Pikel is severely wounded.
Pikel hits you with a +1 whip of flaming!
* * * LOW HITPOINT WARNING * * *
Pikel burns you.
* * * LOW HITPOINT WARNING * * *
Unknown command.
It was a potion of cancellation.
Your magical effects are unravelling.
You feel magically purged.
You feel a little less mighty now.
You hear a zap.
You hear a grinding noise.
You block Pikel's attack.
A phantom comes into view.
The howler monkey hoots and howls with incredible vigour!
Found a stone staircase leading down.
Pikel hits you with a +1 whip of flaming.
* * * LOW HITPOINT WARNING * * *
A goblin comes into view. It is wielding a +0 trident.
The goblin shouts!
The phantom hits you.
* * * LOW HITPOINT WARNING * * *
Found a scroll labelled JETTEG GUIFFOKKOO.
An adder skeleton comes into view.
The howler monkey hoots and howls with incredible vigour!
There is an escape hatch in the ceiling here.
The phantom hits you but does no damage.
Pikel hits you with a +1 whip of flaming.
* * * LOW HITPOINT WARNING * * *
Pikel burns you.
You die...

....# #.# ....# #.#
<...###.# ........#
####### ....##..#
#h....###### ....##..#
#.#.>......# ....##..#
#.#.5......#
...>##..###.#..K.....##.
##.##........55W@....'..
.##..5.###.........###
#....# #g.########
......K...5.#......#
#.#####.####g#......# #
..# ..#....∩.# ..#
Z.#......# #.# #......#
#......#


You could see Pikel, a phantom, 4 lemures, a howler monkey (catching breath) and
a goblin.

Vanquished Creatures
  A bullfrog zombie (D:3)
  A centaur zombie (D:5)
  3 iguanas
  A hound skeleton (D:4)
  A gnoll (D:4)
  4 adders
  A worm (D:3)
  2 dart slugs
  6 ball pythons
  7 bats
  5 endoplasms
  A giant cockroach (D:1)
  3 goblins
  9 hobgoblins
  2 quokkas (D:3)
  3 frilled lizards
  4 kobolds
  5 rats
59 creatures vanquished.

Notes
Turn   | Place    | Note
-------+----------+-------------------------------------------
     0 | D:1      | bellerephron the Troll Fighter began the quest for the Orb.
     0 | D:1      | Reached XP level 1. HP: 22/22 MP: 0/0
   121 | D:1      | Reached XP level 2. HP: 29/29 MP: 1/1
   464 | D:2      | Reached XP level 3. HP: 36/36 MP: 2/2
   692 | D:2      | Found a faded altar of an unknown god.
   754 | D:2      | Found a white marble altar of Elyvilon.
  1135 | D:3      | Reached skill level 3 in Unarmed Combat
  1135 | D:3      | Reached XP level 4. HP: 44/44 MP: 3/3
  1202 | D:3      | Found an ancient bone altar of Kikubaaqudgha.
  1328 | D:3      | You fall into a shaft and drop 2 floors!
  1328 | D:5      | Entered Level 5 of the Dungeon
  1338 | D:5      | Reached XP level 5. HP: 48/50 MP: 4/4
  1345 | D:4      | Found a transporter.
  1360 | D:4      | Reached skill level 4 in Unarmed Combat
  1371 | D:4      | Found Nomuj's Assorted Antiques.
  1734 | D:4      | Found a one-way gate to the infinite horrors of the Abyss.
  1734 | D:4      | Noticed bellerephron's ghost (amateur DsFi)
  1737 | D:4      | Found a transporter.
  1825 | D:4      | Noticed a lemure
  1827 | D:4      | Noticed a lemure
  1828 | D:4      | Noticed a lemure
  1828 | D:4      | Noticed a lemure
  1830 | D:4      | Noticed Pikel
  1849 | D:4      | Noticed a phantom
  1856 | D:4      | HP: 1/50 [Pikel (6)]
  1856 | D:4      | Slain by Pikel

Illustrated notes

Levels and vault maps discovered:
D:1:      co_arrival_square_in_a_square_in_a_square, layout_rooms
D:2:      layout_loops_cross, basic_altar, basic_ecumenical_altar
D:3:      layout_loops_cross, nicolae_kikubaaqudgha_miasma_corner
D:4:      layout_basic, mainiacjoe_overflow_brackets,
          gammafunk_ghost_abyssal_escape, serial_shops, shop, uniq_ijyb,
          uniq_pikel
D:5:      layout_rooms, chequers_temple_overflow_statue_of_worship

Skill      XL: |  1  2  3  4  5 |
---------------+----------------+-----
Shields        | 3 |  3.3
Unarmed Combat | 3 4 |  4.6
Dodging        | 3 |  3.0
Fighting       | |  2.7
Stealth        | |  0.5

Action                   |  1- 3 |  4- 6 || total
-------------------------+-------+-------++-------
Melee: Unarmed           |    97 |    68 ||   165
Throw: Javelin           |       |     6 ||     6
  Use: Potion            |       |     3 ||     3
 Stab: Sleeping          |     1 |       ||     1
Armor: Robe              |    28 |    26 ||    54
Dodge: Dodged            |    34 |    27 ||    61
Block: Kite shield       |    38 |    32 ||    70
